 Dungeon Crawl Stone Soup version 0.31-a0-795-g5eb97db20b (webtiles) character file.

Game seed: 17236188211947852270

385 greasedhog the Shooter (level 7, 0/81 HPs)
             Began as a Formicid Hunter on Sept 18, 2023.
             Succumbed to a water moccasin's poison
             ... on level 3 of the Dungeon.
             The game lasted 00:04:11 (2468 turns).

greasedhog the Shooter (Formicid Hunter)            Turns: 2468, Time: 00:04:12

Health: 0/81       AC: 23    Str: 16    XL:     7   Next: 6%
Magic:  7/7        EV:  2    Int:  8    God:
Gold:   153        SH: 10    Dex: 19    Spells: 6/6 levels left

rFire   . . .        a - +0 shortbow
rCold   + . .        e - +0 kite shield
rNeg    . . .        m - melded +1 leather armour "Nonyec" {rF+ Stlth+}
rPois   +            (helmet unavailable)
rElec   .            (cloak currently unavailable)
rCorr   .            (gloves currently unavailable)
SInv    .            (boots currently unavailable)
Will    .....        (no amulet)
Stlth   ++           o - ring of protection from cold
HPRegen 0.33/turn    (no ring)
MPRegen 0.10/turn

%: no passive effects
@: mighty, lethally poisoned (0 -> -15), tree-form
A: stationary, stasis, torment immunity, boosted hp, permanent stasis, dig
shafts and tunnels, (antennae 3), four strong arms
a: no special abilities


You were on level 3 of the Dungeon.
You were a tree.
You visited 1 branch of the dungeon, and saw 4 of its levels.

You collected 153 gold pieces.

Inventory:

Hand Weapons
 a - a +0 shortbow (weapon)
Armour
 e - a +0 kite shield (worn)
 m - the +1 leather armour "Nonyec" (melded) {rF+ Stlth+}
   (You found it on level 3 of the Dungeon)

   rF+:       It protects you from fire.
   Stlth+:    It makes you more stealthy.
Jewellery
 i - a ring of wizardry
 l - an amulet of magic regeneration
 o - a ring of protection from cold (left branch)
Wands
 r - a wand of flame (13)
Scrolls
 b - a scroll of butterflies
 f - a scroll of amnesia {unknown}
 h - 2 scrolls of fog
 n - a scroll of vulnerability {unknown}
 p - 3 scrolls of revelation
 s - a scroll of immolation {unknown}
 u - a scroll of enchant armour {unknown}
Potions
 c - a potion of berserk rage {unknown}
 d - a potion of invisibility {unknown}
 g - a potion of haste {unknown}
 j - 2 potions of resistance
 k - a potion of lignification
 q - a potion of ambrosia {unknown}
 t - a potion of magic {unknown}
 v - a potion of might


   Skills:
 + Level 4.2 Fighting
 * Level 6.2 Ranged Weapons
 - Level 1.7 Dodging
 - Level 1.2 Stealth
 + Level 4.0 Shields


You had 6 spell levels left.
You didn't know any spells.
Your spell library contained the following spells:

 Spells                   Type           Power      Damage    Failure   Level
 Slow                     Hex            0%         N/A       77%         1
 Ensorcelled Hibernation  Hex/Ice        0%         N/A       88%         2
 Passwall                 Tmut/Erth      0%         N/A       88%         2
 Static Discharge         Conj/Air       0%         2-2/arc   88%         2
 Wereblood                Tmut           0%         N/A       88%         2
 Confusing Touch          Hex            0%         N/A       98%         3
 Sigil of Binding         Hex            0%         N/A       98%         3
 Vampiric Draining        Necr           0%         2d6       98%         3
 Volatile Blastmotes      Fire/Tloc      0%         2d10      98%         3
 Airstrike                Air            0%         2d(0-16)  100%        4
 Fulminant Prism          Conj/Hex       0%         3d5       100%        4
 Iskenderun's Mystic Bla  Conj/Tloc      0%         2d3       100%        4
 Summon Lightning Spire   Summ/Air       0%         N/A       100%        4
 Irradiate                Conj/Tmut      0%         3d11      100%        5
 Swiftness                Air            Unusable   N/A       N/A         3

Dungeon Overview and Level Annotations

Branches:
Dungeon (4/15)
 Temple: D:4-7

Altars:
Cheibriados
Dithmenos


Innate Abilities, Weirdness & Mutations

You are a tree.
Your roots penetrate the ground, keeping you stationary.
You cannot be teleported.
You are immune to unholy pain and torment.
Your maximum health is greatly increased.
Your equipment is partially melded.
You cannot be hasted, slowed, berserked, paralysed or teleported.
You can dig through walls and to a lower floor.
((You have a pair of large antennae on your head. (SInv)))
Your four strong arms can wield two-handed weapons with a shield.


Message History

Press: ? - help, Shift-Dir - straight line, f/p - water moccasin
Aim: a water moccasin (48% to hit)
The puff of flame misses the water moccasin.
You feel very sick. The water moccasin closely misses you.
Unknown command.
Aiming: Throw Flame
Press: ? - help, Shift-Dir - straight line, f/p - water moccasin
Aim: a water moccasin (48% to hit)
The puff of flame misses the water moccasin.
You feel very sick. The water moccasin barely misses you.
The water moccasin bites you but does no damage.
Aiming: Throw Flame
Press: ? - help, Shift-Dir - straight line, f/p - water moccasin
Aim: a water moccasin (48% to hit)
The puff of flame hits the water moccasin.
The water moccasin is lightly wounded.
You feel very sick. The water moccasin bites you!
You are lethally poisoned!
The water moccasin poisons you!
Aiming: Throw Flame
Press: ? - help, Shift-Dir - straight line, f/p - water moccasin
Aim: a water moccasin (lightly wounded, 48% to hit)
The puff of flame hits the water moccasin.
The water moccasin is lightly wounded.
* * * LOW HITPOINT WARNING * * *
You feel very sick. The water moccasin closely misses you.
The water moccasin bites you.
* * * LOW HITPOINT WARNING * * *
It was a potion of might.
You feel very mighty all of a sudden.
* * * LOW HITPOINT WARNING * * *
You feel very sick. You block the water moccasin's attack.
It was a potion of lignification.
You turn into a tree.
The +1 leather armour "Nonyec" {rF+ Stlth+} melds into your body.
Your roots penetrate the ground.
You die...

##<))......####.#..### #..
#)........##...##...# #.#
#.........#..####...### #..
##..#.####..## ##....# ##..
###.##.# #....# #..#.# #...
.......# #....# ###.#.### ##...
.......# #.(..####.......####....
.......# #.....##........##......
.......# #.....S♣..........÷##...
......## #....##................§
......# #...^##....[.).....##..#
......## #######......<........#§
......)### #.............#.§§
#.....)..##### #.........##....#§
#......#...<.###.........#......#
#......#####..##.........#.#.#.#.
#......######..#.........#.#.#.#.


You could see a water moccasin.

Vanquished Creatures
  A phantom (D:3)
  A hound (D:4)
  A jelly (D:2)
  Terence (D:3)
  An iguana (D:4)
  2 orc wizards (D:3)
  A gnoll (D:1)
  6 adders
  4 worms
  4 dart slugs
  3 orcs
  5 ball pythons
  4 bats
  2 endoplasms
  3 giant cockroaches (D:2)
  4 goblins
  2 hobgoblins
  5 jackals
  9 kobolds
  2 quokkas
  3 frilled lizards
  14 rats
78 creatures vanquished.

Notes
Turn   | Place    | Note
-------+----------+-------------------------------------------
     0 | D:1      | greasedhog the Formicid Hunter began the quest for the Orb.
     0 | D:1      | Reached XP level 1. HP: 16/16 MP: 1/1
    34 | D:1      | Reached XP level 2. HP: 21/23 MP: 2/2
    39 | D:1      | Reached skill level 1 in Shields
    44 | D:1      | Reached XP level 3. HP: 28/28 MP: 3/3
   598 | D:2      | Reached XP level 4. HP: 34/34 MP: 4/4
   708 | D:2      | Reached skill level 5 in Ranged Weapons
   867 | D:2      | Reached XP level 5. HP: 41/41 MP: 5/5
  1323 | D:3      | Found a snail-covered altar of Cheibriados.
  1355 | D:3      | Reached XP level 6. HP: 43/47 MP: 6/6
  1404 | D:3      | Identified the +1 leather armour "Nonyec" {rF+ Stlth+}
  1568 | D:3      | Noticed Terence
  1577 | D:3      | Killed Terence
  1683 | D:3      | Reached skill level 6 in Ranged Weapons
  1683 | D:3      | Found a shadowy altar of Dithmenos.
  2306 | D:4      | Noticed a water moccasin
  2312 | D:4      | Reached XP level 7. HP: 54/54 MP: 7/7
  2467 | D:3      | HP: 2/54 [poisoned by a water moccasin]
  2468 | D:3      | Succumbed to a water moccasin's poison

Illustrated notes

Levels and vault maps discovered:
D:1:      lemuel_arrival_river_bridge, layout_rooms
D:2:      layout_loops_cross
D:3:      layout_rooms, grunt_dithmenos_smoke_and_mirrors,
          mainiacjoe_overflow_concentric_impassable, uniq_terence
D:4:      layout_rooms

Skill      XL: |  1  2  3  4  5  6 |
---------------+-------------------+-----
Shields        | 1 2 3 4 |  4.0
Fighting       | 3 4 |  4.2
Ranged Weapons | 5 6 |  6.2
Dodging        | |  1.7
Stealth        | |  1.2

Action                     |  1- 3 |  4- 6 |  7- 9 || total
---------------------------+-------+-------+-------++-------
  Melee: Shortbow          |       |     2 |       ||     2
   Fire: Shortbow          |    81 |   215 |    10 ||   306
Ability: Dig               |       |     1 |       ||     1
  Evoke: Wand              |       |       |     4 ||     4
    Use: Scroll            |       |     4 |       ||     4
         Potion            |       |       |     2 ||     2
 Armour: Leather armour    |    14 |    43 |    14 ||    71
         Ring mail         |       |    29 |       ||    29
  Dodge: Dodged            |    11 |    39 |     5 ||    55
  Block: Kite shield       |    18 |    55 |     9 ||    82

Table legend: (Time is in decaauts)
 A = Elapsed time spent in this place.
 B = Non-inter-level travel time spent in this place.
 C = Inter-level travel time spent in this place.
 D = Time resting spent in this place.
 E = Time spent auto-exploring this place.
 F = Levels seen in this place.
 G = Mean time per level.
                   A        B        C        D        E       F      G
               +--------+--------+--------+--------+--------+-----+--------+
         Total |   2584 |   2494 |     90 |    341 |   1501 |   4 |  646.0 |
       Dungeon |   2584 |   2494 |     90 |    341 |   1501 |   4 |  646.0 |
               +--------+--------+--------+--------+--------+-----+--------+

Top non-repeatable levels by time:
     D:2: 807 daAuts
     D:3: 790 daAuts
     D:1: 524 daAuts
     D:4: 462 daAuts
